 Dungeon Crawl Stone Soup version 0.26-b1-32-g5d43845318 (webtiles) character file.

Game seed: 9550353651492762868

117 Borgoz the Ducker (level 5, -14/44 HPs)
             Began as a Ghoul Gladiator on Jan 13, 2021.
             Killed by divine providence
             ... invoked by an orc priest
              (17 damage)
             ... on level 3 of the Dungeon.
             The game lasted 00:02:11 (1155 turns).

Borgoz the Ducker (Ghoul Gladiator)                 Turns: 1155, Time: 00:02:12

Health: -14/44     AC:  6    Str: 18    XL:     5   Next: 1%
Magic:  4/4        EV: 13    Int:  3    God:
Gold:   80         SH:  0    Dex: 11    Spells: 4/4 levels left

rFire    . . .     SeeInvis .   a - +0 long sword
rCold    + . .     Faith    .   (no shield)
rNeg     + + +     Spirit   .   b - +0 leather armour
rPois    ∞         Reflect  .   c - +1 helmet
rElec    .         Harm     .   (no cloak)
rCorr    .         Rampage  .   (no gloves)
Will     .....                  e - +0 pair of boots
Stlth    +.........             (no amulet)
HPRegen  0.00/turn              (no ring)
MPRegen  0.09/turn              (no ring)

@: no status effects
A: claws 1, cold resistance 1, negative energy resistance 3, inhibited
regeneration, torment resistance, unbreathing
a: no special abilities


You were on level 3 of the Dungeon.
You visited 1 branch of the dungeon, and saw 3 of its levels.

You collected 80 gold pieces.

Inventory:

Hand Weapons
 a - a +0 long sword (weapon)
Missiles
 d - 3 throwing nets (quivered)
Armour
 b - a +0 leather armour (worn)
 c - a +1 helmet (worn)
 e - a +0 pair of boots (worn)
Wands
 j - a wand of disintegration (12)
Scrolls
 h - 3 scrolls of identify
Potions
 f - a potion of magic {unknown}
 g - a potion of curing
 i - a potion of heal wounds
 k - 2 potions of might {unknown}
 m - a potion of cancellation {unknown}


   Skills:
 + Level 2.8 Fighting
 * Level 3.4 Long Blades
 - Level 1.7 Throwing
 * Level 1.9 Armour
 * Level 3.5 Dodging


You had 4 spell levels left.
You didn't know any spells.
Your spell library was empty.

Dungeon Overview and Level Annotations

Branches:
Dungeon (3/15)

Altars:
Fedhas
Makhleb


Innate Abilities, Weirdness & Mutations

You thrive by killing the living.
You are immune to poison.
You have sharp fingernails.
Your flesh is cold resistant. (rC+)
You are immune to negative energy. (rN+++)
You do not regenerate when monsters are visible.
You are immune to unholy pain and torment.
You can survive without breathing.


Message History

You slash the orc priest!
The orc priest is heavily wounded.
The orc priest misses you.
You hit the orc priest.
The orc priest is heavily wounded.
The orc priest mumbles some strange prayers to Beogh against you.
Beogh smites you!
* * * LOW HITPOINT WARNING * * *
The orc priest barely misses you.
You hit the orc priest.
The orc priest is severely wounded.
The orc priest completely misses you.
You hit the orc priest but do no damage.
The orc priest is severely wounded.
The orc priest looks satisfied for a moment.
You barely miss the orc priest.
The orc priest is severely wounded.
The orc priest mumbles some strange prayers to Beogh against you.
Beogh smites you!
You die...

..####......##########......#
######## ####.### ..... ###
###.### #.. ..# #.# ### #o#
#o# #@# ###### #.# #....# #$#
#....####.#
..######....#....#
#>.....'....#....#
########....#....#
#....#....# #....#....#


You could see an orc priest and an orc.

Vanquished Creatures
  An orc priest (D:3)
  4 adders
  A worm (D:3)
  A dart slug (D:1)
  2 leopard geckos
  2 orcs (D:3)
  3 giant cockroaches (D:3)
  6 hobgoblins
  2 bats
  2 frilled lizards
  12 goblins
  3 kobolds
  4 rats
43 creatures vanquished.

Notes
Turn   | Place    | Note
-------+----------+-------------------------------------------
     0 | D:1      | Borgoz the Ghoul Gladiator began the quest for the Orb.
     0 | D:1      | Reached XP level 1. HP: 17/17 MP: 0/0
    92 | D:1      | Reached XP level 2. HP: 23/25 MP: 1/1
   599 | D:2      | Found a blossoming altar of Fedhas.
   602 | D:2      | Reached skill level 1 in Armour
   612 | D:2      | Reached XP level 3. HP: 21/30 MP: 2/2
   848 | D:2      | You fall into a shaft and drop 1 floor!
   859 | D:3      | Reached XP level 4. HP: 27/37 MP: 3/3
   976 | D:3      | Found a faded altar of an unknown god.
  1034 | D:3      | Found a burning altar of Makhleb.
  1150 | D:3      | Reached XP level 5. HP: 15/44 MP: 4/4
  1155 | D:3      | Killed from afar by an orc priest

Illustrated notes

Levels and vault maps discovered:
D:1:      evilmike_arrival_crescent, layout_rooms, minmay_tetromino_s2
D:2:      layout_loops_ring, fedhas_altar_2
D:3:      layout_basic, overflow_temple_1_default,
          chequers_ecumenical_altar_simple, portal_sewer_entry_b

Skill      XL: |  1  2 |
---------------+-------+-----
Dodging        | 3 |  3.5
Long Blades    | 3 |  3.4
Armour         | 1 |  1.9
Fighting       | |  2.8
Throwing       | |  1.7

Action                   |  1- 3 |  4- 6 || total
-------------------------+-------+-------++-------
Melee: Long sword        |    92 |    51 ||   143
  Use: Scroll            |       |     6 ||     6
Armor: Leather armour    |    46 |    11 ||    57
Dodge: Dodged            |    92 |    36 ||   128
       Rpst.: Long sword |    31 |    11 ||    42
